 Dungeon Crawl Stone Soup version 0.18.1-48-g4cf74bf (webtiles) character file.

149 nikopol the Skirmisher (level 5, -1/47 HPs)
             Began as a Minotaur Berserker on July 25, 2016.
             Was a Believer of Trog.
             Killed by divine providence
             ... invoked by an orc priest
              (13 damage)
             ... on level 3 of the Dungeon.
             The game lasted 00:04:32 (1749 turns).

nikopol the Skirmisher (Minotaur Berserker)         Turns: 1749, Time: 00:04:33

Health: -1/47      AC:  6    Str: 21    XL:     5   Next: 9%
Magic:  4/4        EV: 11    Int:  4    God:    Trog [**....]
Gold:   78         SH:  0    Dex: 11    Spells: 0 memorised, 4 levels left

rFire  . . .     SeeInvis .     s - +0 halberd
rCold  . . .     Gourm    .     u - +0 scale mail
rNeg   . . .     Faith    .     (shield currently unavailable)
rPois  .         Spirit   .     (helmet restricted)
rElec  .         Dismiss  .     (no cloak)
rCorr  .         Reflect  .     (no gloves)
SustAt .         Harm     .     (no boots)
MR     .....                    (no amulet)
Stlth  ..........               (no ring)
                                (no ring)

@: lethally poisoned (-1 -> -3), not resistant to hostile enchantments,
extremely unstealthy
A: retaliatory headbutt, horns 2
a: Berserk, Trog's Hand, Burn Spellbooks, Renounce Religion


You were on level 3 of the Dungeon.
You worshipped Trog.
Trog was pleased with you.
You were not hungry.

You visited 1 branch of the dungeon, and saw 3 of its levels.

You collected 78 gold pieces.

Inventory:

Hand Weapons
 a - a +0 spear
 s - a +0 halberd (weapon)
Armour
 b - a +0 animal skin
 u - a +0 scale mail (worn)
Jewellery
 d - an uncursed ring of positive energy {unknown}
 i - an uncursed amulet of harm {unknown}
Scrolls
 f - a scroll of remove curse {unknown}
 h - a scroll of immolation {unknown}
 k - 2 scrolls of fear {unknown}
 l - 2 scrolls of teleportation {unknown}
 o - a scroll of noise {unknown}
 p - 4 scrolls of identify {unknown}
 r - a scroll of blinking {unknown}
 t - a scroll of enchant weapon {unknown}
Potions
 e - 2 potions of curing {unknown}
 g - 2 potions of brilliance {unknown}
 j - 2 potions of lignification {unknown}
 q - a potion of heal wounds {unknown}
Comestibles
 c - 2 bread rations
 m - 6 chunks of flesh
 n - a meat ration


   Skills:
 + Level 4.8 Fighting
 + Level 4.6 Polearms
 + Level 3.6 Armour
 + Level 3.5 Dodging


You had 4 spell levels left.
You didn't know any spells.

Dungeon Overview and Level Annotations

Branches:
Dungeon (3/15)

Altars:
Dithmenos
Nemelex Xobeh


Innate Abilities, Weirdness & Mutations

You reflexively headbutt those who attack you in melee.
You have a pair of horns on your head.


Message History

The adder barely misses you. You furiously retaliate!
You headbutt the adder, but do no damage.
You barely miss the adder.
The adder is heavily wounded.
You feel sick. The shadow imp barely misses you.
The adder bites you but does no damage.
You hit the adder.
The adder is almost dead.
The adder completely misses you.
The shadow imp hits you but does no damage.
The adder barely misses you. The shadow imp gestures at you.
Pain shoots through your body!
The orc priest hits you from afar with a trident.
* * * LOW HITPOINT WARNING * * *
A hobgoblin comes into view. It is wielding a club.
You feel sick.
The orc priest calls down the wrath of Beogh upon you.
Beogh smites you!
You die...

#..g. #.... #...o
###_#o# # #....o#
# #....o# #
#....5# ###
#....S# ..
###.#@# # #
#.###############
###
#........)......#
...
##.........####.#
### #.........#
#.# ...
............# #.#
###
#.##.........#
#.# ... #
#.........# #.#
##. #.........#
#.#


You could see 2 orc priests, an adder, a shadow imp and 2 orcs.

Vanquished Creatures
  Terence (D:3)
  Natasha (D:3)
  4 gnolls (D:3)
  An adder (D:2)
  2 worms (D:3)
  A giant gecko (D:2)
  4 bats
  4 giant cockroaches (D:2)
  6 goblins
  8 hobgoblins
  2 jackals (D:2)
  A ball python (D:2)
  2 giant newts (D:2)
  2 kobolds
  6 rats
45 creatures vanquished.

Notes
Turn   | Place    | Note
--------------------------------------------------------------
     0 | D:1      | nikopol the Minotaur Berserker began the quest for the Orb.
     0 | D:1      | Reached XP level 1. HP: 19/19 MP: 0/0
   204 | D:1      | Reached XP level 2. HP: 25/27 MP: 1/1
   598 | D:2      | Found a sparkling altar of Nemelex Xobeh.
   703 | D:2      | Reached XP level 3. HP: 33/33 MP: 2/2
   729 | D:2      | Reached ** piety under Trog
  1194 | D:2      | Found a shadowy altar of Dithmenos.
  1578 | D:3      | Reached XP level 4. HP: 41/41 MP: 3/3
  1583 | D:3      | Noticed Natasha
  1590 | D:3      | Killed Natasha
  1709 | D:3      | Noticed Terence
  1713 | D:3      | Killed Terence
  1713 | D:3      | Reached XP level 5. HP: 38/47 MP: 4/4
  1740 | D:3      | Found a shadowy altar of Dithmenos.
  1749 | D:3      | Killed from afar by an orc priest

Skill      XL: |  1  2  3 |
---------------+----------+-----
Armour         | 3 |  3.6
Polearms       | 4 |  4.6
Fighting       | 4 |  4.8
Dodging        | 3 |  3.5

Action                   |  1- 3 |  4- 6 || total
-------------------------+-------+-------++-------
Melee: Spear             |   113 |    11 ||   124
       Headbutt          |     9 |     5 ||    14
       Halberd           |       |    12 ||    12
Invok: Berserk           |     1 |       ||     1
       Trog's Hand       |       |     1 ||     1
  Eat: Chunk             |     1 |     1 ||     2
       Beef jerky        |     1 |       ||     1
Armor: Animal skin       |    13 |       ||    13
       Scale mail        |       |     4 ||     4
Dodge: Dodged            |    53 |    11 ||    64
